 Dungeon Crawl Stone Soup version 0.30-a0-949-g53dc5368d7 (webtiles) character file.

Game seed: 11636331420344576142

18103 mopl the Severer (level 12, -1/104 HPs)
             Began as a Hill Orc Fighter on Mar 27, 2023.
             Was an Elder of Beogh.
             Killed from afar by a blizzard demon (45 damage)
             ... with a bolt of lightning
             ... in a Gauntlet.
             The game lasted 00:27:19 (14639 turns).

mopl the Severer (Hill Orc Fighter)                Turns: 14639, Time: 00:27:19

Health: -1/104     AC: 18    Str: 20    XL:     12   Next: 55%
Magic:  18/18      EV:  8    Int:  8    God:    Beogh [****..]
Gold:   121        SH:  9    Dex: 17    Spells: 11/11 levels left

rFire   . . .      SeeInvis .    a - +0 war axe (venom)
rCold   + . .      Faith    .    f - +0 kite shield
rNeg    . . .      Spirit   .    V - +1 chain mail {rC+}
rPois   +          Reflect  .    t - +0 helmet
rElec   .          Rampage  .    o - scarf {+Inv}
rCorr   .          NoTele   +    X - +0 pair of fencer's gloves {Riposte Dex+3}
Will    .....                    v - +2 pair of boots Stlth
                                 (no amulet)
HPRegen 0.37/turn                y - ring of flight
MPRegen 0.16/turn                G - ring of poison resistance

@: flying
A: no striking features
a: Renounce Religion, Evoke Invisibility, Smiting, Recall Orcish Followers


You were in a Gauntlet.
You worshipped Beogh.
Beogh was greatly pleased with you.
You visited 2 branches of the dungeon, and saw 13 of its levels.
You also visited: Gauntlet.

You collected 1769 gold pieces.
You spent 1648 gold pieces at shops.

Inventory:

Hand Weapons
 a - a +0 war axe of venom (weapon)
 b - a +1 demon whip of venom
 s - the +3 broad axe "Hozuech" {chaos, *Rage Will+++ rCorr Str+5}
   (You bought it in a shop on level 2 of the Orcish Mines)

   Str:       It affects your strength (+5).
   *Rage:     It berserks you when you make melee attacks (+20% chance).
   rCorr:     It protects you from acid and corrosion.
   Will:      It greatly increases your willpower.
 E - a +1 dire flail of venom
 I - a +1 spear of venom
 M - a +2 flail of holy wrath
 N - a +0 battleaxe
Missiles
 D - 8 boomerangs
 F - 9 poisoned darts (quivered)
 K - a throwing net
 L - 7 curare-tipped darts
Armour
 f - a +0 kite shield (worn)
 o - a scarf of invisibility (worn)
 t - a +0 helmet (worn)
 v - a +2 pair of boots (worn)
 R - +0 acid dragon scales
 S - +0 swamp dragon scales
 V - a +1 chain mail of cold resistance (worn)
 W - a +4 chain mail of poison resistance
 X - the +0 pair of fencer's gloves (worn) {Riposte Dex+3}
   (You bought it in a shop on level 2 of the Orcish Mines)

   Riposte:   It allows the wearer to riposte with melee weapons, swiftly
   retaliating against missed or blocked melee attacks.
   Dex:       It affects your dexterity (+3).
Jewellery
 y - a ring of flight (left hand)
 G - a ring of poison resistance (right hand)
Wands
 u - a wand of roots (14)
 C - a wand of polymorph (5)
 H - a wand of mindburst (5)
 P - a wand of flame (3)
 T - a wand of paralysis (8)
Scrolls
 j - 4 scrolls of teleportation {unknown}
 l - a scroll of brand weapon {unknown}
 m - a scroll of torment {unknown}
 n - 2 scrolls of blinking {unknown}
 p - 2 scrolls of vulnerability {unknown}
 r - a scroll of silence {unknown}
 w - a scroll of magic mapping {unknown}
 x - a scroll of fear {unknown}
 z - 3 scrolls of butterflies {unknown}
 B - 3 scrolls of enchant weapon {unknown}
 O - a scroll of acquirement {unknown}
 Q - a scroll of poison {unknown}
Potions
 c - a potion of heal wounds
 d - 2 potions of might
 e - 12 potions of curing
 g - a potion of ambrosia
 h - 6 potions of mutation {unknown}
 i - 5 potions of brilliance {unknown}
 k - a potion of resistance
 q - 3 potions of lignification {!q}
 J - a potion of berserk rage {!q}
 U - a potion of flight


   Skills:
 + Level 9.1 Fighting
 + Level 15.9 Axes
 + Level 5.0 Throwing
 + Level 8.3 Armour
 + Level 5.6 Dodging
 - Level 3.2 Shields
 + Level 8.2 Invocations
 + Level 6.8 Evocations


You had 11 spell levels left.
You didn't know any spells.
Your spell library contained the following spells:

 Spells                   Type           Power      Damage    Failure   Level
 Beastly Appendage        Tmut           0%         N/A       100%        1
 Shock                    Conj/Air       0%         1d3       100%        1
 Ensorcelled Hibernation  Hex/Ice        0%         N/A       100%        2
 Passwall                 Tmut/Erth      0%         N/A       100%        2
 Wereblood                Tmut           0%         N/A       100%        2
 Dazzling Flash           Conj/Hex       0%         N/A       100%        3
 Spider Form              Tmut/Pois      0%         N/A       100%        3
 Swiftness                Air            0%         N/A       100%        3
 Airstrike                Air            0%         2d(0-16)  100%        4
 Iskenderun's Mystic Bla  Conj/Tloc      0%         2d3       100%        4
 Alistair's Intoxication  Tmut/Pois      0%         N/A       100%        5
 Borgnjor's Vile Clutch   Necr/Erth      0%         N/A       100%        5
 Eringya's Noxious Bog    Tmut/Pois      0%         N/A       100%        6
 Starburst                Conj/Fire      0%         6d3       100%        6


Dungeon Overview and Level Annotations

Branches:
Dungeon (11/15)            Temple (0/1) D:6            Lair (0/5) D:10
    Orc (2/2) D:10            Elf (0/3) Orc:2       Gauntlet (1/1)

Altars:
Ashenzari
Dithmenos
Fedhas
Makhleb
Nemelex Xobeh
Okawaru
Qazlal
Ru
Trog
Uskayaw
Wu Jian
Xom
Yredelemnul
Zin
Beogh

Shops:
D:1 =   D:8 =   Orc:2 :([*[[:

Annotations:
Gauntlet 7 transporters


Message History

The ice devil is severely wounded.
The ice devil hits you but does no damage.
You slash the ice devil!
You kill the ice devil!
Beogh accepts your kill.
Aiming: Throw Flame
Press: ? - help, Shift-Dir - straight line, f - blizzard demon
Aim: a blizzard demon (74% to hit)
The puff of flame hits the blizzard demon!
The blizzard demon is burned terribly!
The blizzard demon is lightly wounded.
The blizzard demon gestures at you. The bolt of cold hits you! You resist.
Aiming: Fastroot
Press: ? - help, Shift-Dir - straight line, f/p - blizzard demon
Aim: a blizzard demon (lightly wounded)
The roots erupt in riotous growth!
Roots grab the blizzard demon.
The grasping roots constrict the blizzard demon.
The blizzard demon gestures at you. The bolt of cold hits you. You resist.
Unknown command.
The grasping roots constrict the blizzard demon.
The blizzard demon hits you. The blizzard demon barely misses you.
You slash the blizzard demon!
The blizzard demon is heavily wounded.
The grasping roots constrict the blizzard demon.
The roots release their grip on the blizzard demon.
The blizzard demon completely misses you.
The blizzard demon hits you but does no damage.
You barely miss the blizzard demon.
The blizzard demon is heavily wounded.
The blizzard demon waves its arms in wide circles.
The air twists around and strikes you.
You slice the blizzard demon!!
The blizzard demon looks as sick as possible!
The blizzard demon is severely wounded.
The blizzard demon gestures at you. The bolt of lightning hits you!!
The bolt of lightning hits you!!!
You die...

#..###..#.........#..#.#...#.#
#....#..#...BZZZ..#..#5##.##..
#...©#..###########..#########
.....#........................
#....#.∩......................
#...©#..#########..#########..
#....#..#.##©...#..#.......#..
...###§.#"[##..##..#.#.#.⌠.#..
#.. #§..#$..#@######.......###
#. ##..#©##2##.#©©#©#.©.8.#©©
#≈..###.#...####.......###
##..##..##..#..#)#.#.8.#..
≈..#....##.#..#.......#..
#§.#### ####..#########..
..... ....§............. ....
..........§§§.....§
#≈#≈#§#≈#≈#§#≈#≈#≈#


You could see a blizzard demon (extremely poisoned), a spectral six-headed
hydra, a spectral death yak, a spectral boulder beetle and a death scarab.

Vanquished Creatures
  An orc warlord (Orc:2)
  2 two-headed ogres
  Amaemon (D:8)
  Pikel (D:5)
  An orc knight (Orc:2)
  An orc sorcerer (Orc:1)
  A cyclops (Orc:1)
  Joseph (D:9)
  An orange demon (D:8)
  An unseen horror (D:9)
  A torpor snail (Gauntlet)
  A gargoyle (D:10)
  Maggie (D:10)
  An ice devil (Gauntlet)
  6 trolls
  A hornet (D:9)
  Sigmund (D:4)
  4 slime creatures (D:9)
  A human (D:8)
  11 yaks
  2 hogs (D:8)
  A basilisk (D:11)
  A vampire mosquito (D:11)
  2 steam dragons (D:6)
  A warg (shapeshifter) (Gauntlet)
  Edmund (D:4)
  An acid dragon (D:9)
  2 water moccasins
  3 black bears
  14 orc warriors
  An ice beast (D:6)
  An ogre (Orc:1)
  A wolf (D:10)
  4 centaurs
  A lemure (D:5)
  3 phantoms
  3 bullfrogs
  2 kobold brigands (D:8)
  A scorpion (D:4)
  6 wights (D:8)
  14 killer bees
  2 jellies
  2 electric eels (D:10)
  2 howler monkeys (D:8)
  7 hounds
  5 orc priests
  2 gnoll boudas
  3 iguanas
  11 orc wizards
  15 gnolls
  9 adders
  A shadow imp (D:6)
  4 ufetubi
  6 dart slugs
  55 orcs
  6 ball pythons
  2 endoplasms (D:4)
  4 giant cockroaches
  4 goblins
  5 hobgoblins
  13 jackals
  8 kobolds
  4 quokkas
  4 bats
  3 frilled lizards
  2 rats (D:1)
283 creatures vanquished.

Vanquished Creatures (collateral kills)
  An orc high priest (Orc:2)
  3 orc sorcerers
  A troll (D:11)
  3 wargs
  6 orc warriors
  3 ogres
  A howler monkey (D:11)
  4 orc priests
  4 orc wizards
  9 orcs
35 creatures vanquished.

Vanquished Creatures (others)
  An orc knight (Orc:2)
  An orc sorcerer (Orc:2)
  9 orc warriors (Orc:2)
  5 orc priests
  9 orc wizards
  15 orcs
  4 fungi
  3 plants (Gauntlet)
  28 withered plants (Gauntlet)
75 creatures vanquished.

Grand Total: 393 creatures vanquished

Notes
Turn   | Place    | Note
-------+----------+-------------------------------------------
     0 | D:1      | mopl the Hill Orc Fighter began the quest for the Orb.
     0 | D:1      | Reached XP level 1. HP: 19/19 MP: 1/1
     7 | D:1      | Reached skill level 3 in Axes
    88 | D:1      | Reached XP level 2. HP: 26/26 MP: 2/2
   323 | D:1      | Found Weubb's Jewellery Shop.
   523 | D:1      | Reached skill level 4 in Axes
   759 | D:2      | Reached XP level 3. HP: 30/31 MP: 3/3
   873 | D:2      | Reached skill level 5 in Axes
  1368 | D:3      | Reached XP level 4. HP: 39/39 MP: 4/4
  1600 | D:3      | Reached skill level 6 in Axes
  1616 | D:3      | Found a bloodstained altar of Trog.
  1642 | D:3      | Found a blossoming altar of Fedhas.
  1708 | D:4      | Noticed a scorpion
  1718 | D:4      | Killed a scorpion
  1719 | D:4      | Reached skill level 7 in Axes
  1719 | D:4      | Reached XP level 5. HP: 36/45 MP: 5/5
  1843 | D:4      | Noticed a phantom
  1861 | D:4      | Killed a phantom
  1862 | D:4      | Reached skill level 8 in Axes
  1862 | D:4      | Reached XP level 6. HP: 51/51 MP: 6/6
  1973 | D:4      | Noticed Sigmund
  1977 | D:4      | Killed Sigmund
  1978 | D:4      | Reached skill level 9 in Axes
  2210 | D:4      | Reached XP level 7. HP: 53/57 MP: 7/7
  2255 | D:4      | Noticed Edmund
  2285 | D:4      | Killed Edmund
  2286 | D:4      | Reached skill level 10 in Axes
  2377 | D:4      | Found a basalt altar of Yredelemnul.
  2377 | D:4      | Found a glowing silver altar of Zin.
  2663 | D:4      | Found a stormy altar of Qazlal.
  2775 | D:5      | Entered Level 5 of the Dungeon
  2888 | D:4      | Reached skill level 11 in Axes
  3301 | D:5      | Noticed Pikel
  3303 | D:5      | Reached XP level 8. HP: 51/64 MP: 8/8
  3317 | D:5      | Killed Pikel
  3318 | D:5      | Reached skill level 13 in Axes
  3961 | D:6      | Found a hide-covered altar of Uskayaw.
  3974 | D:6      | Found a staircase to the Ecumenical Temple.
  4081 | D:6      | Reached skill level 1 in Evocations
  4134 | D:6      | Found a broken altar of Ashenzari.
  4171 | D:6      | Reached skill level 4 in Fighting
  4203 | D:6      | Reached skill level 1 in Dodging
  4203 | D:6      | Reached XP level 9. HP: 71/71 MP: 9/9
  4217 | D:6      | Found a sparkling altar of Nemelex Xobeh.
  4262 | D:6      | Found a shadowy altar of Dithmenos.
  4276 | D:6      | Reached skill level 4 in Armour
  4500 | D:6      | Reached skill level 2 in Evocations
  4632 | D:6      | Reached skill level 14 in Axes
  4639 | D:6      | Reached skill level 2 in Dodging
  4748 | D:6      | Found a burning altar of Makhleb.
  4921 | D:7      | Became a worshipper of Beogh the Brigand
  4933 | D:7      | Reached skill level 5 in Fighting
  5050 | D:7      | Noticed a two-headed ogre
  5190 | D:7      | Reached skill level 1 in Invocations
  5190 | D:7      | Found an iron altar of Okawaru.
  5529 | D:7      | Killed a two-headed ogre
  5530 | D:7      | Reached skill level 5 in Armour
  5530 | D:7      | Reached skill level 3 in Invocations
  5530 | D:7      | Reached skill level 3 in Evocations
  5727 | D:8      | Found Cyivulas's Jewellery Shop.
  5774 | D:8      | Found a shimmering altar of Xom.
  5795 | D:8      | Noticed an orange demon
  5816 | D:8      | Killed an orange demon
  5817 | D:8      | Reached skill level 6 in Fighting
  5817 | D:8      | Reached skill level 3 in Dodging
  5817 | D:8      | Reached XP level 10. HP: 53/83 MP: 12/12
  5985 | D:8      | Noticed Amaemon
  6006 | D:8      | Killed Amaemon
  6007 | D:8      | Reached skill level 1 in Throwing
  6007 | D:8      | Reached skill level 4 in Invocations
  6007 | D:8      | Reached skill level 4 in Evocations
  6656 | D:8      | Found an ornate altar of the Wu Jian Council.
  6846 | D:8      | Reached * piety under Beogh
  6847 | D:8      | Reached skill level 2 in Throwing
  6847 | D:8      | Reached skill level 6 in Armour
  7067 | D:8      | Reached skill level 5 in Invocations
  7294 | D:8      | Reached skill level 7 in Fighting
  7459 | D:8      | Reached skill level 4 in Dodging
  7725 | D:8      | Reached XP level 11. HP: 79/92 MP: 15/15
  7952 | D:8      | Reached skill level 15 in Axes
  7973 | D:8      | Reached skill level 5 in Evocations
  8051 | D:9      | Reached ** piety under Beogh
  8057 | D:9      | Reached skill level 3 in Throwing
  8229 | D:9      | Paralysed by a hornet for 1 turns
  8826 | D:9      | Reached skill level 6 in Invocations
  8977 | D:9      | Noticed Joseph
  8994 | D:9      | Killed Joseph
  8995 | D:9      | Reached skill level 7 in Armour
  9187 | D:9      | Found a sacrificial altar of Ru.
  9259 | D:10     | Entered Level 10 of the Dungeon
  9610 | D:10     | Found a staircase to the Lair.
  9638 | D:10     | Reached *** piety under Beogh
 10259 | D:10     | Noticed Maggie
 10262 | D:10     | Killed Maggie
 10263 | D:10     | Reached skill level 8 in Fighting
 10368 | D:10     | Found a staircase to the Orcish Mines.
 10905 | Orc:1    | Entered Level 1 of the Orcish Mines
 10905 | Orc:1    | Noticed a two-headed ogre
 10924 | Orc:1    | Killed a two-headed ogre
 10925 | Orc:1    | Reached skill level 4 in Throwing
 11189 | Orc:1    | Noticed an orc sorcerer
 11194 | Orc:1    | Killed an orc sorcerer
 11195 | Orc:1    | Reached skill level 7 in Invocations
 11328 | Orc:2    | Entered Level 2 of the Orcish Mines
 11340 | Orc:2    | Found a staircase to the Elven Halls.
 11471 | Orc:1    | Reached skill level 5 in Dodging
 11473 | Orc:1    | Reached skill level 6 in Evocations
 11531 | Orc:1    | Noticed an orc sorcerer
 11539 | Orc:1    | Killed an orc sorcerer
 11739 | Orc:2    | Found Peacuiv's Book Shoppe.
 11901 | Orc:2    | Reached **** piety under Beogh
 12063 | Orc:2    | Noticed an orc sorcerer
 12074 | Orc:2    | Noticed an orc knight
 12082 | Orc:2    | Noticed an orc high priest
 12124 | Orc:1    | Reached XP level 12. HP: 58/103 MP: 17/17
 12547 | Orc:2    | Found Jebem's Antique Armour Shoppe.
 12561 | Orc:2    | Noticed an orc warlord
 12580 | Orc:2    | Killed an orc warlord
 12783 | Orc:2    | Killed an orc high priest
 12970 | Orc:2    | Found a roughly hewn altar of Beogh.
 12982 | Orc:2    | Found Noazxef's Book Shoppe.
 12988 | Orc:2    | Reached skill level 8 in Armour
 13319 | Orc:2    | Found Fuosmoyl's Antique Weapon Shoppe.
 13345 | Orc:2    | Found a burning altar of Makhleb.
 13368 | Orc:2    | Found Ynenar's Armour Shoppe.
 13436 | Orc:2    | Found Beapha's Antique Armour Shoppe.
 13493 | Orc:2    | Found Kiehawke's General Store.
 13514 | Orc:2    | Bought the +0 pair of fencer's gloves {Riposte Dex+3} for
                  | 1360 gold pieces
 13514 | Orc:2    | Found the +0 pair of fencer's gloves {Riposte Dex+3}
 13761 | Orc:2    | Bought a pitted broad axe for 288 gold pieces
 13761 | Orc:2    | Identified the +3 broad axe "Hozuech" {chaos, *Rage Will+++
                  | rCorr Str+5} (You bought it in a shop on level 2 of the
                  | Orcish Mines)
 13923 | D:11     | Reached skill level 9 in Fighting
 14134 | D:11     | Found a gate leading to a gauntlet.
 14143 | Gauntlet | Entered a Gauntlet
 14143 | Gauntlet | Noticed a soul eater
 14143 | Gauntlet | Found a transporter.
 14143 | Gauntlet | Found a transporter.
 14143 | Gauntlet | Found a transporter.
 14145 | Gauntlet | Found a transporter.
 14146 | Gauntlet | Found a transporter.
 14149 | Gauntlet | Found a transporter.
 14157 | Gauntlet | Found a transporter.
 14164 | Gauntlet | Found a transporter.
 14166 | Gauntlet | Found a transporter.
 14167 | Gauntlet | Found a transporter.
 14171 | Gauntlet | Noticed a death scarab
 14171 | Gauntlet | Noticed a blizzard demon
 14172 | Gauntlet | Noticed a death scarab
 14175 | Gauntlet | Found a transporter.
 14176 | Gauntlet | Found a transporter.
 14307 | Gauntlet | Reached skill level 8 in Invocations
 14312 | Gauntlet | Reached skill level 5 in Throwing
 14639 | Gauntlet | Killed from afar by a blizzard demon

Illustrated notes

Levels and vault maps discovered:
D:1:      dpeg_arrival_prison, layout_basic, serial_shops, nicolae_shop_trees
D:2:      layout_rooms, serial_aquarium, aquarium_bridge_long_separate
          [aquarium_subvault_bridge, aquarium_subvault_bridge,
          aquarium_subvault_bridge, aquarium_subvault_wall,
          aquarium_subvault_wall, aquarium_subvault_bridge],
          aquarium_bridge_straight [aquarium_subvault_bridge,
          aquarium_subvault_wall, aquarium_subvault_bridge,
          aquarium_subvault_wall], aquarium_window_corridor_1,
          aquarium_window_1, aquarium_window_2, aquarium_window_fake,
          aquarium_view_2a, aquarium_view_2d, kennysheep_nub
D:3:      layout_rooms, nicolae_overflow_hidden_temple, fedhas_altar_1,
          kennysheep_generic_room_11
D:4:      layout_loops_corners, jmf_multi_god_temple,
          mainiacjoe_overflow_alcove_1, uniq_edmund, uniq_sigmund
D:5:      layout_cave_pods, minivault_14, minmay_holes, uniq_pikel
D:6:      kennysheep_steamy, layout_loops_corners, lightli_temple_of_fire,
          mainiacjoe_overflow_catch_the_wave,
          nicolae_uskayaw_murder_on_the_dancefloor, nicolae_ashenzari_skybound,
          temple_green
D:7:      layout_gridville, mainiacjoe_overflow_surrounded_room
D:8:      layout_loops_cross, xom_teletrap_fun, general_overflow_altar,
          special_room [special_room_orc], grunt_livestock,
          nicolae_stop_n_shop_2, kennysheep_generic_room_8, uniq_amaemon
D:9:      layout_loops_ring, kennysheep_mini_moat, uniq_joseph
D:10:     layout_grid_maze, erik_lair_island, orc_0_dummy, uniq_maggie
D:11:     layout_stronghold, gauntlet_entry_generic, serial_column_ruins,
          column_ruins_square_small, column_ruins_open_large,
          column_ruins_grid_3, column_ruins_grid_1,
          column_ruins_corridor_dead_end, column_ruins_open_tiny,
          minmay_beelzebubs_servants
Orc:1:    layout_diamond_mine
Orc:2:    grunt_orc_cross, layout_caves, serial_shops, nicolae_shop_crystal,
          nicolae_diamond_shop, shop, bloody_makhleb
Gauntlet: minmay_gauntlet_mixed_big_or_small [nicolae_gauntlet_arena_x,
          minmay_gauntlet_arena_77_radiant_squares,
          gammafunk_gauntlet_arena_crates, minmay_gauntlet_arena_77_museum,
          gammafunk_gauntlet_arena_hedges, minmay_gauntlet_arena_77_fan,
          gauntlet_exit_hidden_loot]

Skill      XL: |  1  2  3  4  5  6  7  8  9 10 11 12 |
---------------+-------------------------------------+-----
Axes           | 3 4 5 7 8 9 11 13 14 15 | 15.9
Evocations     | 1 3 4 6 |  6.8
Fighting       | 4 6 7 8 9 |  9.1
Dodging        | 1 3 4 5 |  5.6
Armour         | 5 6 7 8 |  8.3
Invocations    | 3 5 7 8 |  8.2
Throwing       | 2 4 5 |  5.0
Shields        | |  3.2

Action                     |  1- 3 |  4- 6 |  7- 9 | 10-12 || total
---------------------------+-------+-------+-------+-------++-------
  Melee: War axe           |   104 |    52 |   296 |   342 ||   794
         Spear             |       |       |     7 |       ||     7
         Demon whip        |       |       |       |   379 ||   379
         Flail             |       |       |       |     8 ||     8
  Throw: Throwing net      |       |     1 |       |       ||     1
         Dart              |       |       |       |    10 ||    10
 Invoke: Convert to Beogh  |       |       |     1 |       ||     1
  Evoke: Wand              |       |       |     5 |    19 ||    24
    Use: Scroll            |       |       |     5 |     3 ||     8
         Potion            |       |       |       |     3 ||     3
   Stab: Paralysed         |       |       |       |    11 ||    11
         Distracted        |       |       |       |     2 ||     2
 Armour: Scale mail        |    59 |     2 |       |       ||    61
         Plate armour      |       |    21 |   201 |   146 ||   368
         Acid dragon scale |       |       |       |   116 ||   116
         Swamp dragon scal |       |       |       |    14 ||    14
         Chain mail        |       |       |       |     3 ||     3
  Dodge: Dodged            |    39 |     3 |    53 |   202 ||   297
  Block: Buckler           |     5 |       |       |       ||     5
         Kite shield       |    48 |    19 |   121 |   279 ||   467
Riposte: War axe           |       |       |       |    14 ||    14

Table legend: (Time is in decaauts)
 A = Elapsed time spent in this place.
 B = Non-inter-level travel time spent in this place.
 C = Inter-level travel time spent in this place.
 D = Time resting spent in this place.
 E = Time spent auto-exploring this place.
 F = Levels seen in this place.
 G = Mean time per level.
                   A        B        C        D        E       F      G
               +--------+--------+--------+--------+--------+-----+--------+
         Total |  14638 |  14036 |    602 |   4254 |   6339 |  14 | 1045.6 |
       Dungeon |  11403 |  10979 |    424 |   3069 |   5332 |  11 | 1036.6 |
  Orcish Mines |   2742 |   2565 |    177 |    948 |   1007 |   2 | 1371.0 |
      Gauntlet |    492 |    492 |      0 |    237 |      0 |   1 |  492.0 |
               +--------+--------+--------+--------+--------+-----+--------+

Top non-repeatable levels by time:
     D:8: 2280 daAuts
   Orc:2: 1637 daAuts
    D:10: 1513 daAuts
     D:9: 1493 daAuts
     D:4: 1358 daAuts
   Orc:1: 1105 daAuts
     D:6: 987 daAuts
     D:5: 912 daAuts
     D:7: 789 daAuts
     D:1: 757 daAuts
     D:2: 610 daAuts
Gauntlet: 492 daAuts
     D:3: 389 daAuts
    D:11: 311 daAuts
